 Dungeon Crawl Stone Soup version 0.23.0 (webtiles) character file.

Game seed: 9849145226075501625

49 mitkoXXVII the Magician (level 3, -9/27 HPs)
             Began as a Mummy Ice Elementalist on Feb 18, 2019.
             Mangled by a gnoll
             ... wielding a +0 spear
              (12 damage)
             ... on level 2 of the Dungeon.
             The game lasted 00:03:22 (1422 turns).

mitkoXXVII the Magician (Mummy Ice Elementalist)    Turns: 1422, Time: 00:03:22

Health: -9/27      AC:  2    Str: 11    XL:     3   Next: 51%
Magic:  2/8        EV: 12    Int: 15    God:
Gold:   39         SH:  0    Dex: 12    Spells: 6/9 levels left

rFire    x . .     SeeInvis .   b - +0 short sword
rCold    + . .     Gourm    .   (no shield)
rNeg     + + +     Faith    .   a - +0 robe
rPois    ∞         Spirit   .   (no helmet)
rElec    .         Reflect  .   (no cloak)
rCorr    .         Harm     .   (no gloves)
MR       .....                  (no boots)
Stlth    ++........             (no amulet)
HPRegen  0.09/turn              (no ring)
MPRegen  0.11/turn              (no ring)

@: no status effects
A: no food or potions, fire vulnerability, cold resistance 1, negative energy
resistance 3, torment resistance, unbreathing
a: no special abilities


You were on level 2 of the Dungeon.
You were not hungry.

You visited 1 branch of the dungeon, and saw 2 of its levels.

You collected 39 gold pieces.

Inventory:

Hand Weapons
 b - a +0 short sword (weapon)
Missiles
 c - 39 stones (quivered)
 h - 18 sling bullets
Armour
 a - a +0 robe (worn)
Scrolls
 d - 4 scrolls of teleportation {unknown}
 e - a scroll of immolation {unknown}
 f - a scroll of random uselessness {unknown}
 g - 2 scrolls of enchant weapon {unknown}
 i - a scroll of magic mapping {unknown}


   Skills:
 + Level 1.6 Fighting
 - Level 1.5 Dodging
 - Level 1.5 Stealth
 + Level 3.6 Spellcasting
 - Level 0.7 Conjurations
 + Level 2.9 Ice Magic


You had 6 spell levels left.
You knew the following spells:

 Your Spells              Type           Power        Failure   Level  Hunger
a - Freeze                Ice            ##..         5%          1    N/A
b - Throw Frost           Conj/Ice       #.....       14%         2    N/A

Your spell library contained the following spells:

 Spells                   Type           Power        Failure   Level  Hunger
 Ozocubu's Armour         Chrm/Ice       #.......     30%         3    N/A
 Throw Icicle             Conj/Ice       #.......     65%         4    N/A
 Summon Ice Beast         Ice/Summ       #.......     71%         4    N/A

Dungeon Overview and Level Annotations

Branches:
Dungeon (2/15)

Altars:
Trog


Innate Abilities, Weirdness & Mutations

You do not eat or drink.
Your flesh is vulnerable to fire.
You are immune to poison.
Your flesh is cold resistant. (rC+)
You are immune to negative energy. (rN+++)
You are immune to unholy pain and torment.
You can survive without breathing.


Message History

You hit the gnoll but do no damage.
The gnoll is heavily wounded.
The gnoll hits you with a cursed -2 whip.
The gnoll hits you from afar with a +0 spear!
* * * LOW HITPOINT WARNING * * *
You hit the gnoll.
The gnoll is severely wounded.
A gnoll comes into view. It is wielding a +0 halberd.
The gnoll hits you with a cursed -2 whip.
* * * LOW HITPOINT WARNING * * *
The gnoll misses you.
The gnoll moves out of view.
Casting: Throw Frost (safe; 14% risk of failure)
Confirm with . or Enter, or press ? or * to list all spells.
Aiming: Freeze (safe; 6% risk of failure)
Press: ? - help, Shift-Dir - straight line, f/p - gnoll
Aim: a gnoll, wielding a -2 whip (severely wounded)
You freeze the gnoll.
You kill the gnoll!
The gnoll hits you from afar with a +0 spear!
You die...

#.# #.# ####.#
..##.# #%##.# #
#.##.# #.
#.##.#
#.##.##.#
#)@....###
######
#g##<.....#
#..... #.
#.####.# #.####
#.
##.####.#####.#
#.
.......#......#
#
#..####.#######
#..# #.# #..#
#.# #..#
#.########


You could see a gnoll.

Vanquished Creatures
  A gnoll (D:2)
  An adder (D:2)
  A leopard gecko (D:1)
  2 bats (D:1)
  3 giant cockroaches
  3 goblins (D:1)
  3 hobgoblins (D:1)
  2 jackals (D:2)
  3 kobolds (D:1)
  A quokka (D:2)
  7 rats
27 creatures vanquished.

Notes
Turn   | Place    | Note
-------+----------+-------------------------------------------
     0 | D:1      | mitkoXXVII the Mummy Ice Elementalist began the quest for
                  | the Orb.
     0 | D:1      | Reached XP level 1. HP: 13/13 MP: 4/4
   242 | D:1      | Reached skill level 3 in Spellcasting
   366 | D:1      | Reached XP level 2. HP: 12/20 MP: 6/6
   497 | D:1      | Learned a level 2 spell: Throw Frost
   587 | D:1      | Reached skill level 1 in Fighting
  1198 | D:2      | Reached XP level 3. HP: 24/26 MP: 2/7
  1295 | D:2      | Found a bloodstained altar of Trog.
  1422 | D:2      | Mangled by a gnoll

Skill      XL: |  1  2 |
---------------+-------+-----
Spellcasting   | 3 |  3.6
Fighting       | 1 |  1.6
Dodging        | |  1.5
Stealth        | |  1.5
Conjurations   | |  0.7
Ice Magic      | |  2.9

Action                   || total
-------------------------++-------
Melee: Short sword       ||    60
       Unarmed           ||     5
 Cast: Freeze            ||     3
       Throw Frost       ||    19
Armor: Robe              ||    11
Dodge: Dodged            ||    40
